 Dungeon Sprint DCSS version 0.28-a0-206-gc2c9e32840 (webtiles) character file.

Game seed: 7527760526642179495

233 MikeHunt the Insei (level 5, 0/41 HPs)
             Began as a Demonspawn Monk on Aug 21, 2021.
             Was a Believer of Cheibriados.
             Engulfed by a cloud of steam (8 damage)
             ... in the Dungeon (Sprint IX: "|||||||||||||||||||||||||||||").
             The game lasted 00:02:05 (356 turns).

MikeHunt the Insei (Demonspawn Monk)                 Turns: 356, Time: 00:02:06

Health: 0/41       AC:  9    Str: 17    XL:     5   Next: 75%
Magic:  3/8        EV: 17    Int: 16    God:    Cheibriados [**....]
Gold:   0          SH:  0    Dex: 28    Spells: 4/4 levels left

rFire   . . .      SeeInvis .     - Unarmed
rCold   . . .      Faith    .   (no shield)
rNeg    . . .      Spirit   .   i - +1 scale mail
rPois   .          Reflect  .   (no helmet)
rElec   .          Harm     .   (no cloak)
rCorr   .          Rampage  .   h - +0 pair of gloves
Will    .....      NoTele   +   (no boots)
Stlth   +++.......              (no amulet)
HPRegen 0.13/turn               k - +2 ring of evasion
MPRegen 0.11/turn               j - +3 ring of dexterity

@: very slightly contaminated, slowed, very slow
A: thin skeletal structure 2, condensation shield
a: Renounce Religion, Bend Time


You were in the Dungeon.
You worshipped Cheibriados.
Cheibriados was pleased with you.
You visited 1 branch

Inventory:

Armour
 a - a +0 robe
 h - a +0 pair of gloves (worn)
 i - a +1 scale mail (worn)
Jewellery
 j - a +3 ring of dexterity (right hand)
 k - a +2 ring of evasion (left hand)
Wands
 f - a wand of iceblast (6)
Scrolls
 g - 2 scrolls of blinking
Potions
 b - 5 potions of curing
 c - 2 potions of heal wounds
 e - 4 potions of magic


   Skills:
 - Level 3.0 Fighting
 + Level 3.9 Armour
 + Level 6.8 Dodging
 - Level 1.7 Stealth
 + Level 6.8 Unarmed Combat
 + Level 4.6 Invocations
 + Level 3.4 Evocations


You had 4 spell levels left.
You didn't know any spells.
Your spell library was empty.

Dungeon Overview and Level Annotations

Branches:
Dungeon (1/1)

Altars:
Cheibriados
Dithmenos
Elyvilon
Fedhas
Gozag
Hepliaklqana
Kikubaaqudgha
Makhleb
Nemelex Xobeh
Okawaru
Qazlal
Ru
Sif Muna
Trog
Uskayaw
Vehumet
Wu Jian
Xom
Yredelemnul
Zin
The Shining One
Beogh
Jiyva
Lugonu


Innate Abilities, Weirdness & Mutations

You have a moderately thin skeletal structure. (Dex +4, Stealth++)
A meltable shield of frost defends you. (SH +0)


Message History

Cheibriados raises the support of your attributes as your movement slows.
Your Armour skill increases to level 3!
Your Dodging skill increases to level 6!
Your Unarmed Combat skill increases to level 6!
Your Invocations skill gained 4 levels and is now at level 4!
Your Evocations skill gained 3 levels and is now at level 3!
You have reached level 5!
Your demonic ancestry asserts itself...
Your bones become somewhat less dense.
Aiming: Iceblast
Press: ? - help, Shift-Dir - straight line, f - steam dragon
Aim: a steam dragon (wandering, hasn't noticed you)
The mass of ice explodes!
The iceblast engulfs the steam dragon!
The steam dragon is heavily wounded.
The iceblast engulfs the two-headed ogre!
The two-headed ogre is moderately wounded.
You flicker back into view.
The steam dragon breathes steam at you. The ball of steam misses you.
Aiming: Iceblast
Press: ? - help, Shift-Dir - straight line, f/p - steam dragon
Aim: a steam dragon (heavily wounded, catching its breath)
The mass of ice explodes!
The iceblast engulfs the steam dragon!
The steam dragon is severely wounded.
The iceblast engulfs the two-headed ogre!
The two-headed ogre is heavily wounded.
You are engulfed in a cloud of scalding steam.
Your condensation shield dissipates!
* * * LOW HITPOINT WARNING * * *
Aiming: Iceblast
Press: ? - help, Shift-Dir - straight line, f/p - steam dragon
Aim: a steam dragon (severely wounded, catching its breath)
The mass of ice explodes!
The iceblast engulfs the two-headed ogre!
The two-headed ogre is almost dead.
The iceblast engulfs the steam dragon!
You kill the steam dragon!
Cheibriados appreciates the change of pace.
You are engulfed in a cloud of scalding steam.
You die...

▓.▓
▓?▓
▓)▓
▓.▓
▓.▓
▓§▓
▓.▓
▓§▓
▓@▓
▓†▓
▓O▓
▓†▓
▓{▓
▓Z▓
▓.▓
▓.▓


You could see a two-headed ogre and an adder zombie.

Vanquished Creatures
  A wraith (D)
  A steam dragon (D)
  A howler monkey (D)
  An iguana (D)
  A gnoll (D)
  An ufetubus (D)
  An orc (D)
  A bat skeleton (D)
  A goblin (D)
  A hobgoblin (D)
  2 bats (D)
  A giant cockroach zombie (D)
13 creatures vanquished.

Notes
Turn   | Place    | Note
-------+----------+-------------------------------------------
     0 | D        | MikeHunt the Demonspawn Monk began the quest for the Orb.
     0 | D        | Reached XP level 1. HP: 18/18 MP: 1/1
    15 | D        | Gained mutation: You have a somewhat thin skeletal
                  | structure. (Dex +2, Stealth+) [demonic ancestry]
    15 | D        | Reached XP level 2. HP: 21/24 MP: 2/2
    97 | D        | Reached skill level 5 in Dodging
    97 | D        | Reached skill level 5 in Unarmed Combat
    97 | D        | Reached XP level 3. HP: 21/29 MP: 3/3
   258 | D        | Found a snail-covered altar of Cheibriados.
   258 | D        | Found a shadowy altar of Dithmenos.
   258 | D        | Found a blossoming altar of Fedhas.
   258 | D        | Found an opulent altar of Gozag.
   259 | D        | Found a hazy altar of Hepliaklqana.
   260 | D        | Found a viscous altar of Jiyva.
   261 | D        | Found an ancient bone altar of Kikubaaqudgha.
   262 | D        | Became a worshipper of Cheibriados the Contemplative
   262 | D        | Reached * piety under Cheibriados
   262 | D        | Reached ** piety under Cheibriados
   263 | D        | Found a corrupted altar of Lugonu.
   264 | D        | Found a burning altar of Makhleb.
   265 | D        | Found a sparkling altar of Nemelex Xobeh.
   266 | D        | Found an iron altar of Okawaru.
   267 | D        | Found a stormy altar of Qazlal.
   268 | D        | Found a sacrificial altar of Ru.
   269 | D        | Found a shimmering blue altar of Sif Muna.
   270 | D        | Found a bloodstained altar of Trog.
   271 | D        | Found a hide-covered altar of Uskayaw.
   272 | D        | Found a radiant altar of Vehumet.
   273 | D        | Found an ornate altar of the Wu Jian Council.
   274 | D        | Found a shimmering altar of Xom.
   275 | D        | Found a basalt altar of Yredelemnul.
   320 | D        | Noticed a wraith
   320 | D        | Noticed a two-headed ogre
   320 | D        | Noticed a steam dragon
   325 | D        | Gained mutation: A meltable shield of frost defends you.
                  | (SH +0) [demonic ancestry]
   325 | D        | Reached XP level 4. HP: 35/35 MP: 4/4
   353 | D        | Killed a wraith
   354 | D        | Gained mutation: You have a moderately thin skeletal
                  | structure. (Dex +4, Stealth++) [demonic ancestry]
   354 | D        | Reached XP level 5. HP: 17/41 MP: 3/8
   356 | D        | Killed a steam dragon
   356 | D        | Engulfed by a cloud of steam

Illustrated notes

Levels and vault maps discovered:
D:        linesprint [early_d, line_temple, items_1, d_10, items_2, lair_1,
          lair_end, items_3, orc_1, orc_end, items_4, d_15, swamp_1, shoals_1,
          snake_1, spider_1, d_20, vaults_1, items_5, swamp_end, shoals_end,
          snake_end, spider_end, vaults_end, d_27, items_6, zot_1, zot_end,
          crypt_end, forest_end, elf_end, slime_end, tomb_end, abyss_end,
          pan_hell_end]

Skill      XL: |  1  2  3  4 |
---------------+-------------+-----
Dodging        | 3 5 6 |  6.8
Unarmed Combat | 3 5 6 |  6.8
Armour         | 2 3 |  3.9
Invocations    | 4 |  4.6
Evocations     | 3 |  3.4
Fighting       | |  3.0
Stealth        | |  1.7

Action                   |  1- 3 |  4- 6 || total
-------------------------+-------+-------++-------
Melee: Unarmed           |    51 |    26 ||    77
       Punch             |     2 |     3 ||     5
Invok: Bend Time         |       |     1 ||     1
Evoke: Wand              |     1 |     3 ||     4
  Use: Potion            |     2 |     2 ||     4
 Stab: Sleeping          |     1 |       ||     1
Armor: Robe              |     2 |       ||     2
       Scale mail        |       |     6 ||     6
Dodge: Dodged            |    36 |    18 ||    54
Block: Other             |       |     4 ||     4

Table legend: (Time is in decaauts)
 A = Elapsed time spent in this place.
 B = Non-inter-level travel time spent in this place.
 C = Inter-level travel time spent in this place.
 D = Time resting spent in this place.
 E = Time spent auto-exploring this place.
 F = Levels seen in this place.
 G = Mean time per level.
                   A        B        C        D        E       F      G
               +--------+--------+--------+--------+--------+-----+--------+
         Total |    371 |    371 |      0 |    196 |      0 |   1 |  371.0 |
       Dungeon |    371 |    371 |      0 |    196 |      0 |   1 |  371.0 |
               +--------+--------+--------+--------+--------+-----+--------+

Top non-repeatable levels by time:
       D: 371 daAuts
